 Dungeon Crawl Stone Soup version 0.28-a0-1074-g3cb2360906 (webtiles) character file.

Game seed: 16668024554251441579

1 Taliesin42 the Chiller (level 1, -1/14 HPs)
             Began as a Draconian Ice Elementalist on Dec 9, 2021.
             Slain by a frilled lizard (2 damage)
             ... on level 1 of the Dungeon.
             The game lasted 00:01:19 (59 turns).

Taliesin42 the Chiller (Draconian Ice Elementalist)   Turns: 59, Time: 00:01:21

Health: -1/14      AC:  4    Str: 10    XL:     1   Next: 16%
Magic:  3/3        EV: 12    Int: 15    God:
Gold:   28         SH:  0    Dex: 11    Spells: 3/4 levels left

rFire   . . .      SeeInvis .   (no weapon)
rCold   . . .      Faith    .   (no shield)
rNeg    . . .      Spirit   .   (armour unavailable)
rPois   .          Reflect  .   (helmet restricted)
rElec   .          Harm     .   (no cloak)
rCorr   .          Rampage  .   (no gloves)
Will    .....                   (no boots)
Stlth   ++........              (no amulet)
HPRegen 0.04/turn               (no ring)
MPRegen 0.08/turn               (no ring)

@: no status effects
A: AC +4, unfitting armour, cold-blooded
a: no special abilities


You were on level 1 of the Dungeon.
You visited 1 branch of the dungeon, and saw 1 of its levels.

You collected 28 gold pieces.

Inventory:

Missiles
 c - 3 stones
Armour
 a - a +0 scale mail
Scrolls
 b - a scroll of teleportation {unknown}


   Skills:
 + Level 1.7 Dodging
 + Level 1.7 Stealth
 + Level 2.0 Spellcasting
 + Level 4.0 Ice Magic


You had 3 spell levels left.
You knew the following spells:

 Your Spells              Type           Power      Damage    Failure   Level
a - Freeze                Ice            52%        1d7       4%          1

Your spell library contained the following spells:

 Spells                   Type           Power      Damage    Failure   Level
 Frozen Ramparts          Ice            26%        1d4       13%         3
 Ozocubu's Armour         Ice            13%        N/A       13%         3
 Hailstorm                Conj/Ice       7%         3d4       67%         4


Dungeon Overview and Level Annotations

Branches:
Dungeon (1/15)

Altars:


Innate Abilities, Weirdness & Mutations

Your plain brown scales are hard. (AC +4)
You cannot fit into any form of body armour.
You are cold-blooded and may be slowed by cold attacks.


Message History

You now have 28 gold pieces (gained 11).
You enter the shallow water.
Moving in this stuff is going to be slow.
As you open the large door, it creaks loudly!
Found a scroll labelled YPLIAF XAFOCK.
There is a large open door here.
b - a scroll labelled YPLIAF XAFOCK
There are no items here.
Found 3 stones.
A rat comes into view.
A goblin comes into view. It is wielding a +0 dagger of venom.
The goblin shouts!
A frilled lizard comes into view.
You see here 3 stones.
c - 3 stones A hobgoblin comes into view.
The goblin hits you but does no damage.
You are poisoned.
You feel very sick.
You feel sick.
You feel sick.
You closely miss the goblin. You tail-slap the goblin.
The goblin is severely wounded.
You feel sick. The goblin barely misses you.
You feel sick.
You hit the goblin.
You kill the goblin!
* * * LOW HITPOINT WARNING * * *
You feel sick.
* * * LOW HITPOINT WARNING * * *
You feel sick.
* * * LOW HITPOINT WARNING * * *
You feel sick.
You hit the frilled lizard.
The frilled lizard is severely wounded.
* * * LOW HITPOINT WARNING * * *
You feel sick.
You are no longer poisoned.
The frilled lizard bites you.
You die...

###..# #....#
#....######## ###
#....#....... ...###
+......##########.....
#...#.##≈≈≈≈≈≈≈≈.8.#
#..l#)#≈≈.....≈≈≈.#
#...#l#≈..≈≈≈..≈≈.#
.....#@#..≈≈≈≈≈..≈.#
..g..##.#.≈≈...≈≈.≈.+
......##.'.≈..≈<≈..≈.+
....r. #.'.≈.≈≈...≈≈.#
#.#.≈..≈≈≈≈≈..#
#.#.≈≈..≈≈≈..≈#
#.#.≈≈≈.....≈≈#
#..8.≈≈≈≈≈≈≈≈##
#...##########


You could see a frilled lizard.

Vanquished Creatures
  A goblin (D:1)
1 creature vanquished.

Notes
Turn   | Place    | Note
-------+----------+-------------------------------------------
     0 | D:1      | Taliesin42 the Draconian Ice Elementalist began the quest
                  | for the Orb.
     0 | D:1      | Reached XP level 1. HP: 14/14 MP: 3/3
    59 | D:1      | Slain by a frilled lizard

Illustrated notes

Levels and vault maps discovered:
D:1:      psy_arrival_whirlpool, layout_basic, serial_park_tiny_1

Action                   || total
-------------------------++-------
Melee: Unarmed           ||     3
       Tailslap          ||     1
Armor: Skin              ||     1
Dodge: Dodged            ||     1

Table legend: (Time is in decaauts)
 A = Elapsed time spent in this place.
 B = Non-inter-level travel time spent in this place.
 C = Inter-level travel time spent in this place.
 D = Time resting spent in this place.
 E = Time spent auto-exploring this place.
 F = Levels seen in this place.
 G = Mean time per level.
                   A        B        C        D        E       F      G
               +--------+--------+--------+--------+--------+-----+--------+
         Total |     62 |     62 |      0 |      0 |      0 |   1 |   62.0 |
       Dungeon |     62 |     62 |      0 |      0 |      0 |   1 |   62.0 |
               +--------+--------+--------+--------+--------+-----+--------+

Top non-repeatable levels by time:
     D:1: 62 daAuts
